 Dungeon Crawl Stone Soup version 0.31-a0-198-g2ad674f65e (webtiles) character file.

Game seed: 5149890175146257017

154 Moral the Ducker (level 5, -2/63 HPs)
             Began as a Merfolk Gladiator on June 26, 2023.
             Was an Initiate of Hepliaklqana.
             Hit by a stone thrown by a gnoll (4 damage)
             ... on level 4 of the Dungeon.
             The game lasted 00:11:33 (2707 turns).

Moral the Ducker (Merfolk Gladiator)                Turns: 2707, Time: 00:11:33

Health: -2/63      AC: 22    Str: 14    XL:     5   Next: 36%
Magic:  5/5        EV:  2    Int:  8    God:    Hepliaklqana [......]
Gold:   106        SH:  0    Dex: 17    Spells: 4/4 levels left

rFire   . . .        a - +0 long sword
rCold   . . .        (no shield)
rNeg    . . .        b - melded +0 leather armour
rPois   +            c - melded +0 helmet
rElec   .            (cloak currently unavailable)
rCorr   .            (gloves currently unavailable)
SInv    .            (boots currently unavailable)
Will    .....        (no amulet)
Stlth   ++           (no ring)
HPRegen 0.30/turn    (no ring)
MPRegen 0.09/turn

%: no passive effects
@: tree-form
A: stationary, stasis, torment immunity, boosted hp, (nimble swimmer 2),
(mertail)
a: Renounce Religion


You were on level 4 of the Dungeon.
You worshipped Hepliaklqana.
Hepliaklqana was noncommittal.
You were a tree.
You visited 1 branch of the dungeon, and saw 4 of its levels.

You collected 106 gold pieces.

Inventory:

Hand Weapons
 a - a +0 long sword (weapon)
Armour
 b - a +0 leather armour (melded)
 c - a +0 helmet (melded)
Scrolls
 e - 2 scrolls of vulnerability
 f - a scroll of teleportation
 g - a scroll of identify
 h - a scroll of fog
Potions
 d - a potion of lignification
 j - a potion of magic


   Skills:
 + Level 3.9 Fighting
 + Level 5.0 Long Blades
 - Level 2.0 Throwing
 + Level 5.5 Dodging


You had 4 spell levels left.
You didn't know any spells.
Your spell library contained the following spells:

 Spells                   Type           Power      Damage    Failure   Level
 Shock                    Conj/Air       0%         1d3       41%         1
 Static Discharge         Conj/Air       0%         2-2/arc   54%         2
 Frozen Ramparts          Ice            0%         1d1       78%         3
 Swiftness                Air            0%         N/A       78%         3
 Airstrike                Air            0%         2d(0-16)  99%         4
 Ice Form                 Ice/Tmut       0%         N/A       99%         4
 Summon Ice Beast         Ice/Summ       0%         N/A       99%         4
 Summon Lightning Spire   Summ/Air       0%         N/A       99%         4


Dungeon Overview and Level Annotations

Branches:
Dungeon (4/15)
 Temple: D:4-7

Altars:
Hepliaklqana


Innate Abilities, Weirdness & Mutations

You are a tree.
Your roots penetrate the ground, keeping you stationary.
You cannot be teleported.
You are immune to unholy pain and torment.
Your maximum health is greatly increased.
Your equipment is partially melded.
((You are very nimble when in or above water. (Stealth+, EV+, Speed+++)))
((Your lower body shifts to a powerful aquatic tail in water.))


Message History

You cannot move.
You cannot move.
You cannot move.
You cannot move.
The gnoll hits you but does no damage.
The gnoll throws a stone.
The stone hits you but does no damage.
The gnoll hits you from afar with a +0 spear.
The gnoll throws a stone.
The stone barely misses you.
The gnoll hits you from afar with a +0 spear.
The gnoll hits you but does no damage. The gnoll hits you but does no damage.
The gnoll throws a stone.
The stone hits you.
* * * LOW HITPOINT WARNING * * *
The gnoll hits you but does no damage.
Okay, then.
As you read the scroll of fog, it dissolves into smoke.
The gnoll hits you from afar with a +2 heavy spear.
* * * LOW HITPOINT WARNING * * *
The gnoll hits you but does no damage.
The gnoll hits you but does no damage. x2
The gnoll hits you but does no damage.
The gnoll hits you from afar with a +2 heavy spear.
* * * LOW HITPOINT WARNING * * *
The gnoll hits you from afar with a +0 spear.
* * * LOW HITPOINT WARNING * * *
The gnoll hits you from afar with a +0 spear.
* * * LOW HITPOINT WARNING * * *
The gnoll hits you from afar with a +2 heavy spear.
* * * LOW HITPOINT WARNING * * *
You cannot teleport because you are held in place by your roots.
Okay, then.
Okay, then.
The gnoll hits you but does no damage.
The gnoll hits you but does no damage. x2
The gnoll hits you but does no damage.
The gnoll throws a stone.
The stone hits you.
* * * LOW HITPOINT WARNING * * *
The gnoll hits you but does no damage.
The gnoll throws a stone.
The stone hits you.
You die...

###### #....# #....#
#....# #. ... #.)..#
#.####.. ## ###....##
#...... #. #.....§§#
#.....# #. #.#####§#
#.....# #. #>....#♣#
#.....# #. #.....#§#
#.....######.
#.....gg####.....'....gg
#.#.##...........####...
#.#..........########...
#.####..................
#.####........#...######
#....#...÷....#...#
####.#.###'##.'...#


You could see 2 gnolls.

Vanquished Creatures
  An iguana (D:4)
  2 gnolls (D:4)
  4 adders
  2 worms (D:3)
  A dart slug (D:4)
  5 orcs (D:3)
  6 endoplasms
  4 giant cockroaches
  2 goblins
  6 hobgoblins
  4 jackals (D:1)
  5 quokkas
  A ball python (D:1)
  4 bats
  A frilled lizard (D:1)
  6 kobolds
  3 rats
57 creatures vanquished.

Notes
Turn   | Place    | Note
-------+----------+-------------------------------------------
     0 | D:1      | Moral the Merfolk Gladiator began the quest for the Orb.
     0 | D:1      | Reached XP level 1. HP: 16/16 MP: 1/1
    61 | D:1      | Reached XP level 2. HP: 23/23 MP: 2/2
   765 | D:2      | Reached XP level 3. HP: 28/28 MP: 3/3
  1533 | D:3      | Reached XP level 4. HP: 35/35 MP: 4/4
  1587 | D:3      | Reached skill level 5 in Dodging
  2020 | D:3      | Found a hazy altar of Hepliaklqana.
  2102 | D:3      | Became a worshipper of Hepliaklqana the Forgotten
  2320 | D:4      | Reached XP level 5. HP: 16/42 MP: 5/5
  2694 | D:4      | Reached skill level 5 in Long Blades
  2706 | D:4      | HP: 2/63 [gnoll/stone (3)]
  2707 | D:4      | Hit by a stone thrown by a gnoll

Illustrated notes

Levels and vault maps discovered:
D:1:      erik_arrival_triangle_small, layout_basic
D:2:      layout_basic
D:3:      layout_loops_corners, worldfamousw_hep_ancestral_shrine
D:4:      layout_basic

Skill      XL: |  1  2  3  4  5 |
---------------+----------------+-----
Long Blades    | 4 5 |  5.0
Fighting       | 3 |  3.9
Dodging        | 5 |  5.5
Throwing       | |  2.0

Action                     |  1- 3 |  4- 6 || total
---------------------------+-------+-------++-------
  Melee: Long sword        |   122 |    68 ||   190
         Punch             |     1 |     1 ||     2
    Use: Scroll            |       |     6 ||     6
         Potion            |       |     2 ||     2
 Armour: Leather armour    |    34 |     9 ||    43
         Skin              |       |    27 ||    27
  Dodge: Dodged            |    99 |    56 ||   155

Table legend: (Time is in decaauts)
 A = Elapsed time spent in this place.
 B = Non-inter-level travel time spent in this place.
 C = Inter-level travel time spent in this place.
 D = Time resting spent in this place.
 E = Time spent auto-exploring this place.
 F = Levels seen in this place.
 G = Mean time per level.
                   A        B        C        D        E       F      G
               +--------+--------+--------+--------+--------+-----+--------+
         Total |   2738 |   2618 |    120 |    142 |   1942 |   4 |  684.5 |
       Dungeon |   2738 |   2618 |    120 |    142 |   1942 |   4 |  684.5 |
               +--------+--------+--------+--------+--------+-----+--------+

Top non-repeatable levels by time:
     D:3: 970 daAuts
     D:1: 685 daAuts
     D:2: 549 daAuts
     D:4: 533 daAuts
